 Dungeon Crawl Stone Soup version 0.17-a0-1997-ga88ed7d (webtiles) character file.

389 Maka the Insei (level 6, -1/47 HPs)
             Began as a Draconian Transmuter on Oct 8, 2015.
             Was an Initiate of Okawaru.
             Slain by a centaur (2 damage)
             ... on level 5 of the Dungeon.
             The game lasted 00:08:19 (5084 turns).

Maka the Insei (Draconian Transmuter)               Turns: 5084, Time: 00:08:19

Health: -1/47      AC:  6    Str: 12    XL:     6   Next: 49%
Magic:  9/10       EV: 12    Int: 14    God:    Okawaru [......]
Gold:   131        SH:  0    Dex: 13    Spells: 3 memorised, 4 levels left

rFire  . . .     SeeInvis .       - Unarmed
rCold  . . .     Clarity  .     (armour unavailable)
rNeg   . . .     SustAt   .     (no shield)
rPois  .         Gourm    .     (helmet restricted)
rElec  .         Spirit   .     (no cloak)
rCorr  .         Warding  .     (no gloves)
rMut   .         Stasis   .     (boots currently unavailable)
MR     .....                    (no amulet)
Stlth  +.........               (no ring)
                                (no ring)

@: appendage, not resistant to hostile enchantments, very unstealthy
A: unfitting armour, talons 3, cold-blooded, AC +6
a: End Transformation, Renounce Religion


You were on level 5 of the Dungeon.
You worshipped Okawaru.
Okawaru was noncommittal.
You were not hungry.
You had grown temporary talons.
You visited 1 branch of the dungeon, and saw 5 of its levels.

You collected 131 gold pieces.

Inventory:

Hand Weapons
 r - a +0 blowgun
Missiles
 a - 12 arrows
Jewellery
 j - a +5 ring of protection {unknown}
 n - an uncursed amulet of clarity {unknown}
Wands
 p - a wand of digging (17)
 Z - a wand of teleportation (2)
Scrolls
 f - a scroll of remove curse {unknown}
 g - 3 scrolls of amnesia
 k - a scroll of enchant armour {unknown}
 q - a scroll of teleportation {unknown}
 s - a scroll of noise {unknown}
 t - 2 scrolls of identify
 v - a scroll of recharging {unknown}
Potions
 d - a potion of haste {unknown}
 e - a potion of degeneration {unknown}
 h - a potion of heal wounds {unknown}
 i - 2 potions of curing
 l - a potion of magic {unknown}
 m - a potion of agility {unknown}
 u - 2 potions of cancellation
Books
 b - a book of Changes

   Spells                             Type                      Level
   a - Beastly Appendage              Transmutation                1
   b - Sticks to Snakes               Transmutation                2
   c - Spider Form                    Transmutation/Poison         3
   d - Ice Form                       Ice/Transmutation            4
   e - Blade Hands                    Transmutation                5
Comestibles
 c - 2 bread rations
 o - 2 meat rations


   Skills:
 - Level 1.1 Fighting
 - Level 2.1 Dodging
 + Level 6.6 Unarmed Combat
 - Level 2.7 Spellcasting
 - Level 2.8 Transmutations


You had 4 spell levels left.
You knew the following spells:

 Your Spells              Type           Power        Failure   Level  Hunger
a - Beastly Appendage     Trmt           #.....       10%         1    #......
b - Sticks to Snakes      Trmt           #.........   14%         2    ###....
c - Spider Form           Trmt/Pois      #.........   38%         3    ###....


Dungeon Overview and Level Annotations

Branches:
Dungeon (5/15)
 Temple: D:4-7

Altars:
Okawaru
Qazlal
Ru


Innate Abilities, Weirdness & Mutations

Your plain brown scales are hard (AC +6).
Your body does not fit into most forms of armour.
You are cold-blooded and may be slowed by cold attacks.
You have claws for feet.


Message History

The centaur shoots an arrow.
The arrow hits you!
* * * LOW HITPOINT WARNING * * *
Casting: Beastly Appendage
Confirm with . or Enter, or press ? or * to list all spells.
Okay, then.
The centaur unwields an uncursed shortbow.
The centaur hits you.
* * * LOW HITPOINT WARNING * * *
Drink which item? (? for menu, Esc to quit)
It was a potion of curing.
You feel better. The centaur hits you!
* * * LOW HITPOINT WARNING * * *
The centaur hits you.
* * * LOW HITPOINT WARNING * * *
Casting: Beastly Appendage
Confirm with . or Enter, or press ? or * to list all spells.
Your feet morph into talons.
The centaur hits you but does no damage.
You hit the centaur but do no damage. The centaur barely misses you.
The centaur hits you.
You die...

#######....##(.#
##.....#.<.....#
##.............##
#...............#
#....>........[.#
#.......((......#
#...............#
#......(........#
#..c@.(.........#
##.......(........
##.....#.....####
#############


You could see a centaur.

Vanquished Creatures
  A phantom (D:4)
  2 hounds (D:4)
  An orc priest (D:4)
  Terence (D:3)
  An iguana (D:4)
  4 adders
  An ooze (D:2)
  3 worms (D:2)
  7 orcs
  7 bats
  6 giant cockroaches
  7 hobgoblins
  9 jackals
  8 kobolds
  2 quokkas
  A ball python skeleton (D:4)
  4 giant geckos
  5 giant newts
  10 goblins
  A jackal skeleton (D:4)
  A quokka skeleton (D:4)
  40 rats
122 creatures vanquished.

Notes
Turn   | Place    | Note
--------------------------------------------------------------
     0 | D:1      | Maka the Draconian Transmuter began the quest for the Orb.
     0 | D:1      | Reached XP level 1. HP: 16/16 MP: 3/3
   496 | D:1      | Reached XP level 2. HP: 20/23 MP: 5/5
   681 | D:1      | Reached skill level 4 in Unarmed Combat
   827 | D:1      | Reached XP level 3. HP: 19/28 MP: 6/6
  1583 | D:2      | Reached XP level 4. HP: 23/35 MP: 5/7
  1709 | D:2      | Learned a level 2 spell: Sticks to Snakes
  1713 | D:2      | Learned a level 3 spell: Spider Form
  1721 | D:2      | Reached skill level 5 in Unarmed Combat
  2666 | D:3      | Found a faded altar to an unknown god.
  2843 | D:3      | Reached XP level 5. HP: 40/40 MP: 8/8
  3207 | D:3      | Noticed Terence
  3233 | D:3      | Killed Terence
  3433 | D:3      | Found a stormy altar of Qazlal.
  3979 | D:4      | Noticed a phantom
  4212 | D:4      | Killed a phantom
  4212 | D:4      | Reached skill level 6 in Unarmed Combat
  4212 | D:4      | Reached XP level 6. HP: 12/47 MP: 10/10
  4673 | D:4      | Found a sacrificial altar of Ru.
  4885 | D:4      | Found an iron altar of Okawaru.
  4887 | D:4      | Found a sacrificial altar of Ru.
  4889 | D:4      | Became a worshipper of Warmaster Okawaru
  5071 | D:5      | Entered Level 5 of the Dungeon
  5082 | D:5      | HP: 2/47 [centaur (9)]
  5084 | D:5      | Slain by a centaur

Vault maps used:
D:1:      evilmike_arrival_rings
D:2:      minivault_4, minmay_rats_cheesy_pizza
D:3:      lemuel_coloured_pillars_altar, first_bread, ecumenical_altar_1,
          uniq_terence
D:4:      minitemple, nicolae_ru_sacrificial_ziggurat
D:5:      temple_statues, nrook_loot_triangle

Action                   |  1- 3 |  4- 6 || total
-------------------------+-------+-------++-------
Melee: Unarmed           |   124 |   343 ||   467
 Cast: Beastly Appendage |     6 |     9 ||    15
  Use: Scroll            |       |     3 ||     3
       Potion            |       |     1 ||     1
 Stab: Sleeping          |     1 |     3 ||     4
  Eat: Chunk             |     2 |     9 ||    11
       Pizza             |       |     1 ||     1
       Bread ration      |       |     1 ||     1
